 Dungeon Crawl Stone Soup version 0.29-a0-1065-g47a6bb87d6 (webtiles) character file.

Game seed: 4042931888706534403

91 xian the Ducker (level 4, -7/44 HPs)
             Began as a Troll Gladiator on Aug 19, 2022.
             Killed from afar by Ijyb (22 damage)
             ... with a bolt of dispelling energy
             ... on level 2 of the Dungeon.
             The game lasted 00:04:23 (1193 turns).

xian the Ducker (Troll Gladiator)                   Turns: 1193, Time: 00:04:23

Health: -7/44      AC:  4    Str: 24    XL:     4   Next: 34%
Magic:  3/3        EV: 10    Int:  4    God:
Gold:   68         SH:  0    Dex: 11    Spells: 3/3 levels left

rFire   . . .      SeeInvis .   a - +0 flail
rCold   . . .      Faith    +   (no shield)
rNeg    . . .      Spirit   .   b - +0 robe
rPois   .          Reflect  .   c - +0 hat
rElec   .          Harm     .   (no cloak)
rCorr   .          Rampage  .   (gloves unavailable)
Will    .....                   (boots unavailable)
Stlth   +.........              i - amulet of faith
HPRegen 0.94/turn               (no ring)
MPRegen 0.08/turn               (no ring)

@: no status effects
A: large, unfitting armour, claws 3, regeneration 1, shaggy fur 1, tough skin 1
a: no special abilities


You were on level 2 of the Dungeon.
You visited 1 branch of the dungeon, and saw 2 of its levels.

You collected 68 gold pieces.

Inventory:

Hand Weapons
 a - a +0 flail (weapon)
Missiles
 d - 3 throwing nets (quivered)
 e - a large rock
Armour
 b - a +0 robe (worn)
 c - a +0 hat (worn)
Jewellery
 i - an amulet of faith (around neck)
Scrolls
 f - a scroll of blinking {unknown}
 g - a scroll of identify {unknown}
 h - 2 scrolls of amnesia {unknown}
 j - a scroll of butterflies {unknown}
Potions
 k - a potion of curing {unknown}


   Skills:
 * Level 2.3 Fighting
 - Level 3.0 Maces & Flails
 + Level 1.8 Throwing
 + Level 3.4 Dodging
 * Level 1.1 Shields


You had 3 spell levels left.
You didn't know any spells.
Your spell library was empty.

Dungeon Overview and Level Annotations

Branches:
Dungeon (2/15)

Altars:

Annotations:
D:2 Ijyb


Innate Abilities, Weirdness & Mutations

You are too large for most types of armour.
You have claws for hands.
Your natural rate of healing is unusually fast.
You are covered in fur. (AC +1)
You have tough skin. (AC +1)


Message History

The goblin hits you but does no damage.
You hit the goblin.
You kill the goblin!
Items here: )) ††.
You closely miss Ijyb. Your claw misses Ijyb. Ijyb barely misses you.
You sock Ijyb!
Ijyb is moderately wounded.
Ijyb closely misses you. Ijyb misses you.
You barely miss Ijyb.
Ijyb is moderately wounded.
Ijyb closely misses you.
You closely miss Ijyb.
Ijyb is moderately wounded.
Ijyb hits you but does no damage.
You sock Ijyb!
Ijyb is severely wounded.
Ijyb zaps a wand.
The bolt of dispelling energy hits you.
You closely miss Ijyb.
Ijyb is severely wounded.
Ijyb hits you with a +0 club. x2
You hit Ijyb.
Ijyb is almost dead.
Ijyb misses you.
You barely miss Ijyb.
Ijyb is almost dead.
Ijyb hits you with a +0 club.
You barely miss Ijyb.
Ijyb is almost dead.
Ijyb hits you with a +0 club!
You barely miss Ijyb.
Ijyb is almost dead.
Ijyb screams, "Die!"
Ijyb hits you with a +0 club.
Ijyb zaps a wand.
The bolt of dispelling energy hits you!
You closely miss Ijyb.
Ijyb is almost dead.
Ijyb zaps a wand.
The bolt of dispelling energy hits you!!
Ouch! That really hurt!
You die...

#.# #.# #.# #.# #.#
#.# # #.# #.# #. #.#
#.# #.### #.# #.# ...#
#.# #.#
#.###.########.#
#######....ggggg@....#
8.8.8.8.g##.##########
......g..##.#
.........##.#
........)##.#
.........##.#
.........##.#
8.8.8.8..##.#
###########.##


You could see Ijyb and 4 goblins.

Vanquished Creatures
  4 gnolls (D:2)
  A dart slug (D:1)
  3 ball pythons (D:1)
  6 bats
  An endoplasm (D:1)
  5 goblins
  8 hobgoblins (D:1)
  8 jackals (D:1)
  5 kobolds
  2 quokkas (D:2)
  A frilled lizard (D:1)
  4 rats
48 creatures vanquished.

Vanquished Creatures (others)
  2 plants (D:1)
2 creatures vanquished.

Grand Total: 50 creatures vanquished

Notes
Turn   | Place    | Note
-------+----------+-------------------------------------------
     0 | D:1      | xian the Troll Gladiator began the quest for the Orb.
     0 | D:1      | Reached XP level 1. HP: 19/19 MP: 0/0
    69 | D:1      | Reached XP level 2. HP: 22/27 MP: 1/1
   322 | D:1      | Reached XP level 3. HP: 22/35 MP: 2/2
  1085 | D:2      | Reached XP level 4. HP: 12/42 MP: 3/3
  1099 | D:2      | Reached skill level 1 in Shields
  1164 | D:2      | Noticed Ijyb
  1193 | D:2      | Killed from afar by Ijyb

Illustrated notes

Levels and vault maps discovered:
D:1:      evilmike_arrival_crescent, layout_basic, serial_bayou_pond_b
D:2:      kennysheep_the_goblin_king, layout_basic, basic_ecumenical_altar,
          minmay_tetromino_o2

Skill      XL: |  1  2  3  4 |
---------------+-------------+-----
Maces & Flails | 3 |  3.0
Dodging        | 3 |  3.4
Fighting       | 2 |  2.3
Shields        | 1 |  1.1
Throwing       | |  1.8

Action                   |  1- 3 |  4- 6 || total
-------------------------+-------+-------++-------
Melee: Flail             |   156 |    21 ||   177
Armor: Robe              |   130 |     2 ||   132
Dodge: Dodged            |   177 |    10 ||   187

Table legend: (Time is in decaauts)
 A = Elapsed time spent in this place.
 B = Non-inter-level travel time spent in this place.
 C = Inter-level travel time spent in this place.
 D = Time resting spent in this place.
 E = Time spent auto-exploring this place.
 F = Levels seen in this place.
 G = Mean time per level.
                   A        B        C        D        E       F      G
               +--------+--------+--------+--------+--------+-----+--------+
         Total |   1238 |   1221 |     17 |      0 |    638 |   2 |  619.0 |
       Dungeon |   1238 |   1221 |     17 |      0 |    638 |   2 |  619.0 |
               +--------+--------+--------+--------+--------+-----+--------+

Top non-repeatable levels by time:
     D:1: 948 daAuts
     D:2: 290 daAuts
